[ AOE2 MATCH · #506020612 ]
UnrankedPersians vs Bengalis
Player's team · WIN
Rival team · LOSS
[ REPLAY ANALYSIS · EXTRACTED FROM THE RECORDED GAME ]
Feudal
23:11
Castle
30:54
Imperial
—
| APM avg | 69.3 |
| APM peak | 98 |
| eAPM avg | 35.6 |
| Villagers / military | 75 / 27 |
Focus
⚔️ 23.7% · 🌾 76.3%
Archer ×25 · Fishing Ship ×16 · Mangonel ×1 · Transport Ship ×1
Feudal
11:53
Castle
30:32
Imperial
—
| APM avg | 22.5 |
| APM peak | 51 |
| eAPM avg | 12.2 |
| Villagers / military | 52 / 1 |
Focus
⚔️ 19.1% · 🌾 80.9%
Fishing Ship ×6 · Demolition Raft ×1
Match map
Initial resources + every placement click. Lines = walls · curves = elevation contours. ◆ gold · ⬟ stone · ● berries · ✦ relic · ◌ wall gap
Your base· ✓ Map-separated
Bidello's base· ✓ Map-separated
Smoothed initial terrain · ◌ = detected wall gap · hover for details
Inputs per minute
— Tattletale Strangler - - Bidello
Build order — Tattletale Strangler
First 150 of 176 actions detected
| 0:00 | Create | Villager (Male) |
| 0:00 | Create | Villager (Male) |
| 0:02 | Build | House |
| 0:02 | Build | House |
| 0:04 | Create | Villager (Male) |
| 0:05 | Create | Villager (Male) |
| 0:07 | Research | Loom |
| 0:07 | Research | Loom |
| 0:13 | Create | Villager (Male) |
| 0:19 | Create | Villager (Male) |
| 0:34 | Create | Villager (Male) |
| 0:44 | Create | Villager (Male) |
| 0:44 | Create | Villager (Male) |
| 1:35 | Create | Villager (Male) |
| 1:35 | Create | Villager (Male) |
| 2:10 | Create | Villager (Male) |
| 2:22 | Build | Lumber Camp |
| 2:33 | Create | Villager (Male) |
| 3:18 | Create | Villager (Male) |
| 3:18 | Create | Villager (Male) |
| 3:19 | Create | Villager (Male) |
| 3:27 | Build | House |
| 4:01 | Create | Villager (Male) |
| 4:01 | Create | Villager (Male) |
| 4:32 | Build | Dock |
| 4:58 | Build | House |
| 5:02 | Create | Villager (Male) |
| 5:02 | Create | Villager (Male) |
| 5:25 | Create | Villager (Male) |
| 5:38 | Create | Transport Ship |
| 6:30 | Create | Villager (Male) |
| 6:30 | Create | Villager (Male) |
| 6:56 | Create | Villager (Male) |
| 6:56 | Create | Villager (Male) |
| 7:19 | Build | House |
| 7:40 | Create | Villager (Male) |
| 7:40 | Create | Villager (Male) |
| 8:02 | Create | Villager (Male) |
| 8:03 | Create | Fishing Ship |
| 8:13 | Create | Villager (Male) |
| 8:51 | Create | Villager (Male) |
| 9:17 | Create | Villager (Male) |
| 9:37 | Create | Villager (Male) |
| 9:44 | Build | House |
| 10:22 | Build | Town Center |
| 10:30 | Build | Mill |
| 10:38 | Create | Fishing Ship |
| 10:43 | Build | House |
| 11:03 | Create | Villager (Male) |
| 11:03 | Create | Villager (Male) |
| 11:03 | Create | Villager (Male) |
| 11:04 | Create | Villager (Male) |
| 11:04 | Create | Villager (Male) |
| 11:17 | Create | Villager (Male) |
| 11:18 | Create | Villager (Male) |
| 11:33 | Create | Villager (Male) |
| 12:11 | Create | Fishing Ship |
| 12:12 | Create | Fishing Ship |
| 12:21 | Build | House |
| 12:36 | Build | Palisade Wall |
| 13:00 | Create | Villager (Male) |
| 13:00 | Create | Villager (Male) |
| 13:01 | Create | Villager (Male) |
| 13:25 | Create | Villager (Male) |
| 13:53 | Create | Villager (Male) |
| 14:06 | Create | Villager (Male) |
| 14:17 | Build | House |
| 14:33 | Create | Villager (Male) |
| 14:57 | Create | Fishing Ship |
| 15:40 | Build | House |
| 16:06 | Create | Villager (Male) |
| 16:11 | Build | House |
| 16:24 | Build | House |
| 16:39 | Create | Fishing Ship |
| 16:40 | Create | Fishing Ship |
| 16:42 | Build | House |
| 16:44 | Build | House |
| 17:26 | Build | Town Center |
| 17:38 | Build | House |
| 17:56 | Build | House |
| 18:45 | Create | Villager (Male) |
| 18:45 | Create | Villager (Male) |
| 18:45 | Create | Villager (Male) |
| 18:46 | Create | Villager (Male) |
| 19:24 | Build | House |
| 19:35 | Create | Villager (Male) |
| 19:41 | Create | Fishing Ship |
| 19:41 | Create | Fishing Ship |
| 19:46 | Create | Villager (Male) |
| 19:59 | Create | Villager (Male) |
| 19:59 | Create | Villager (Male) |
| 19:59 | Create | Villager (Male) |
| 20:10 | Create | Villager (Male) |
| 20:22 | Create | Villager (Male) |
| 20:22 | Create | Villager (Male) |
| 20:28 | Create | Villager (Male) |
| 20:32 | Create | Villager (Male) |
| 20:37 | Create | Villager (Male) |
| 20:44 | Build | Lumber Camp |
| 20:47 | Build | Dock |
| 20:56 | Build | House |
| 21:01 | Research | Feudal Age |
| 21:19 | Create | Fishing Ship |
| 21:20 | Create | Fishing Ship |
| 21:22 | Build | Lumber Camp |
| 21:48 | Create | Villager (Male) |
| 21:49 | Create | Villager (Male) |
| 21:59 | Build | Lumber Camp |
| 22:27 | Build | House |
| 22:30 | Build | House |
| 22:37 | Build | House |
| 22:39 | Build | Palisade Wall |
| 22:44 | Create | Villager (Male) |
| 22:57 | Build | Mining Camp |
| 23:01 | Build | Lumber Camp |
| 23:07 | Build | Barracks |
| 23:11 | Age | Feudal Age |
| 23:31 | Create | Villager (Male) |
| 23:31 | Create | Villager (Male) |
| 23:49 | Build | Archery Range |
| 24:00 | Create | Villager (Male) |
| 24:21 | Create | Archer |
| 24:21 | Create | Archer |
| 24:23 | Build | Archery Range |
| 24:32 | Create | Villager (Male) |
| 24:41 | Build | Blacksmith |
| 24:51 | Create | Archer |
| 25:09 | Create | Villager (Male) |
| 25:13 | Create | Fishing Ship |
| 25:13 | Create | Fishing Ship |
| 25:18 | Create | Fishing Ship |
| 25:48 | Create | Archer |
| 25:48 | Create | Archer |
| 25:53 | Create | Archer |
| 26:33 | Research | Fletching |
| 26:34 | Research | Fletching |
| 26:37 | Create | Archer |
| 26:58 | Create | Archer ×2 |
| 27:32 | Create | Villager (Male) |
| 27:33 | Create | Villager (Male) |
| 27:51 | Build | Market |
| 27:59 | Create | Archer ×5 |
| 28:02 | Build | House |
| 28:08 | Build | House |
| 28:08 | Build | House |
| 28:08 | Build | House |
| 28:09 | Build | House |
| 28:16 | Build | House |
| 28:17 | Build | House |
| 28:18 | Build | House |
Build order — Bidello
91 actions detected in the replay
| 0:01 | Create | Villager (Male) ×4 |
| 0:03 | Build | House |
| 0:06 | Build | House |
| 1:40 | Create | Villager (Male) |
| 2:11 | Create | Villager (Male) |
| 2:14 | Build | Lumber Camp |
| 2:52 | Create | Villager (Male) |
| 3:15 | Create | Villager (Male) |
| 3:35 | Build | House |
| 3:51 | Create | Villager (Male) |
| 3:51 | Create | Villager (Male) |
| 4:26 | Build | Mill |
| 4:42 | Create | Villager (Male) |
| 4:42 | Create | Villager (Male) |
| 5:07 | Create | Villager (Male) |
| 5:30 | Build | House |
| 5:49 | Create | Villager (Male) |
| 6:07 | Create | Villager (Male) |
| 6:24 | Build | Dock |
| 6:41 | Create | Villager (Male) |
| 6:55 | Create | Villager (Male) |
| 7:28 | Create | Villager (Male) |
| 7:30 | Create | Fishing Ship |
| 7:32 | Create | Fishing Ship |
| 7:41 | Build | House |
| 7:47 | Create | Villager (Male) |
| 8:04 | Build | House |
| 8:28 | Create | Villager (Male) |
| 8:29 | Create | Villager (Male) |
| 8:45 | Build | Dock |
| 8:52 | Create | Villager (Male) |
| 9:10 | Create | Fishing Ship |
| 9:39 | Research | Feudal Age |
| 9:43 | Build | Mining Camp |
| 9:49 | Build | Mining Camp |
| 10:45 | Research | Loom |
| 11:16 | Create | Fishing Ship |
| 11:53 | Age | Feudal Age |
| 12:19 | Create | Villager (Male) |
| 12:22 | Create | Fishing Ship |
| 12:27 | Build | House |
| 12:48 | Create | Villager (Male) |
| 12:48 | Create | Villager (Male) |
| 12:50 | Research | Double-Bit Axe |
| 13:48 | Create | Villager (Male) |
| 13:48 | Create | Villager (Male) |
| 13:48 | Create | Villager (Male) |
| 13:49 | Create | Villager (Male) |
| 14:59 | Build | House |
| 15:27 | Build | Palisade Gate |
| 16:15 | Build | Town Center |
| 17:20 | Build | Palisade Wall |
| 17:26 | Create | Villager (Male) ×5 |
| 18:27 | Build | Lumber Camp |
| 19:44 | Create | Villager (Male) |
| 19:46 | Create | Villager (Male) |
| 20:03 | Create | Villager (Male) |
| 20:10 | Create | Demolition Raft |
| 20:27 | Create | Fishing Ship |
| 20:36 | Build | Blacksmith |
| 20:39 | Build | House |
| 21:11 | Build | House |
| 21:46 | Create | Villager (Male) |
| 21:50 | Create | Villager (Male) |
| 22:08 | Research | Fletching |
| 22:19 | Create | Villager (Male) |
| 23:32 | Create | Villager (Male) |
| 23:33 | Create | Villager (Male) |
| 23:40 | Create | Villager (Male) |
| 24:10 | Create | Villager (Male) |
| 24:22 | Create | Villager (Male) |
| 24:49 | Create | Villager (Male) |
| 25:07 | Build | House |
| 25:10 | Build | House |
| 26:00 | Create | Villager (Male) |
| 26:49 | Build | Market |
| 27:03 | Build | Palisade Gate |
| 27:05 | Build | Palisade Wall |
| 27:08 | Build | Palisade Wall |
| 27:21 | Create | Villager (Male) |
| 27:22 | Create | Villager (Male) |
| 27:50 | Research | Castle Age |
| 28:12 | Build | Barracks |
| 29:13 | Build | House |
| 29:43 | Build | House |
| 30:03 | Build | Lumber Camp |
| 30:32 | Age | Castle Age |
| 30:54 | Build | Siege Workshop |
| 31:00 | Create | Villager (Male) |
| 31:01 | Create | Villager (Male) |
| 31:06 | Create | Villager (Male) |
Match timeline
| 4:32 | Tattletale Strangler · first_building Dock |
| 6:24 | Bidello · first_building Dock |
| 11:53 | Bidello · age_up feudal |
| 12:36 | Tattletale Strangler · wall_segment Palisade Wall x1 |
| 17:20 | Bidello · wall_segment Palisade Wall x1 |
| 22:39 | Tattletale Strangler · wall_segment Palisade Wall x1 |
| 23:07 | Tattletale Strangler · first_building Barracks |
| 23:11 | Tattletale Strangler · age_up feudal |
| 23:49 | Tattletale Strangler · first_building Archery Range |
| 27:05 | Bidello · wall_segment Palisade Wall x1 |
| 27:08 | Bidello · wall_segment Palisade Wall x1 |
| 28:12 | Bidello · first_building Barracks |
| 28:28 | Tattletale Strangler · first_market_sell 100 wood |
| 29:33 | Tattletale Strangler · first_market_buy 100 stone |
| 30:32 | Bidello · age_up castle |
| 30:36 | Bidello · first_market_sell 100 food |
| 30:39 | Bidello · first_market_buy 100 wood |
| 30:54 | Bidello · first_building Siege Workshop |
| 30:54 | Tattletale Strangler · age_up castle |
| 31:07 | Tattletale Strangler · first_building Siege Workshop |
| 32:20 | Bidello · resign |
[ AI ANALYSIS · 1 CREDIT ]
What really happened in this match?
Wolo.gg analyzes every decision: build order, eco, micro, common mistakes by bracket. Personalized analysis on WhatsApp or Discord in 30 seconds.
Civ guide
Persians
Perfil
Tattletale Strangler